 Dungeon Sprint DCSS version 0.23-a0-171-g5ae17c6 (webtiles) character file.

3986 Fang the Cleaver (level 10, -2/106 HPs)
             Began as a Gargoyle Berserker on Sept 13, 2018.
             Was a High Priest of Trog.
             Slain by an orc knight
             ... wielding a +7 spear of piercing
              (7 damage)
             ... in the Dungeon (Sprint V: "Ziggurat Sprint").
             The game lasted 00:03:42 (749 turns).

Fang the Cleaver (Gargoyle Berserker)                Turns: 749, Time: 00:03:42

Health: -2/106     AC: 24    Str: 41    XL:     10   Next: 22%
Magic:  10/10      EV: 11    Int:  8    God:    Trog [*****.]
Gold:   0          SH:  0    Dex:  9    Spells: 9/9 levels left

rFire    + . .     SeeInvis .   j - +5 executioner's axe
rCold    . . .     Gourm    .   (shield currently unavailable)
rNeg     + . .     Faith    .   t - +6 chain mail of Pan-Flutes {+Inv rF+}
rPois    ∞         Spirit   .   (no helmet)
rElec    +         Reflect  .   (no cloak)
rCorr    .         Harm     .   (no gloves)
MR       .....     NoTele   +   (no boots)
Stlth    ..........             (no amulet)
HPRegen  0.27/turn              D - +6 ring of strength
MPRegen  0.12/turn              E - +6 ring of strength

@: berserking, very quick
A: negative energy resistance 1, electricity resistance, unbreathing,
petrification resistance, rot immunity, AC +7
a: Berserk, Trog's Hand, Brothers in Arms, Renounce Religion, Evoke Invisibility


You were in the Dungeon.
You worshipped Trog.
Trog was extremely pleased with you.
You were not hungry.

You visited 1 branch

Inventory:

Hand Weapons
 b - a +1 war axe of chopping
 j - a +5 executioner's axe (weapon)
Armour
 k - a +2 ring mail of cold resistance
 t - the +6 chain mail of Pan-Flutes (worn) {+Inv rF+}
   (You found it in the Dungeon)

   It protects you from fire.
   It lets you turn invisible.
 z - the +3 chain mail "Xohioseato" {MR+ Str+2 Stlth+}
   (You found it in the Dungeon)

   It affects your strength (+2).
   It affects your resistance to hostile enchantments.
   It makes you more stealthy.
Jewellery
 D - a +6 ring of strength (left hand)
 E - a +6 ring of strength (right hand)
Wands
 w - a wand of disintegration (7)
 x - a wand of iceblast (7)
 y - a wand of acid (7)
Scrolls
 i - 4 scrolls of blinking
 l - 7 scrolls of fog
 m - a scroll of holy word
 n - 5 scrolls of identify
 o - 5 scrolls of remove curse
 p - 2 scrolls of fear
Potions
 d - 10 potions of curing
 e - 10 potions of heal wounds
 f - 6 potions of haste
 g - 7 potions of magic
 h - 3 potions of berserk rage
 q - 2 potions of brilliance
 r - 2 potions of invisibility
 s - 4 potions of resistance
 u - 5 potions of agility
 v - 5 potions of might
Miscellaneous
 a - a box of beasts
Comestibles
 c - 6 rations


   Skills:
 + Level 11.7 Fighting
 + Level 14.9 Axes
 + Level 9.7 Armour
 + Level 4.5 Dodging
 + Level 5.1 Stealth


You had 9 spell levels left.
You didn't know any spells.
Your spell library was empty.

Dungeon Overview and Level Annotations

Branches:
Dungeon (1/1)

Altars:
Ashenzari
Cheibriados
Dithmenos
Elyvilon
Fedhas
Gozag
Hepliaklqana
Kikubaaqudgha
Makhleb
Nemelex Xobeh
Okawaru
Qazlal
Ru
Sif Muna
Trog
Uskayaw
Vehumet
Wu Jian
Xom
Yredelemnul
Zin
The Shining One
Beogh
Jiyva
Lugonu

Annotations:
D 1 transporter


Innate Abilities, Weirdness & Mutations

You are resistant to torment.
Your stone body is resilient. (AC +7)
You are immune to poison.
You resist negative energy. (rN+)
You are resistant to electric shocks. (rElec)
You can survive without breathing.
You are immune to petrification.
You are immune to rotting.


Message History

Your Axes skill increases to level 14!
Your Stealth skill increases to level 5!
You have reached level 10!
You slice the deep elf mage!! You slash the stone giant!
The blink frog changes into a queen bee!
The orc knight hits you from afar with a +7 spear of piercing!
The great orb of eyes gazes at you.
You are blasted!
* * * LOW HITPOINT WARNING * * *
The deep elf mage closely misses you.
You slash the deep elf mage!
The deep elf mage is almost dead.
You slice the great orb of eyes!!
You kill the great orb of eyes!
Trog accepts your kill. Something appears at your feet!
Trog grants you ammunition!
You slash the stone giant! The stone giant closely misses you.
The orc knight hits you from afar with a +7 spear of piercing!
You die...

▓▓▓▓▓▓▓▓▓▓▓▓▓▓▓▓▓▓▓
▓..8©8..▓ ▓..))}..▓
▓..}}=..▓ ▓..y....▓
▓.......▓ ▓....o..▓
▓..).C..▓ ▓.▓.@e▓.▓
▓...©...▓ ▓▓▓▓▓▓▓▓▓


You could see a stone giant, an orc knight, a deep elf mage and a queen bee
shaped shifter.

Vanquished Creatures
  A mummy priest (D)
  A great orb of eyes (D)
  A yaktaur (D)
  A spriggan (D)
  2 golden eyes (D)
  A phantom (D)
  An eye of draining (D)
  A black bear (D)
  2 wolves (D)
  A jelly (D)
  2 iguanas (D)
  2 mummies (D)
  An ooze (D)
  An adder skeleton (D)
  A bat zombie (D)
  A jackal zombie (D)
20 creatures vanquished.

Notes
Turn   | Place    | Note
-------+----------+-------------------------------------------
     0 | D        | Found the +6 Majin-Bo {vamp, Archmagi MP+6 Int+6}
     0 | D        | Found the +7 great mace "Firestarter" {inner flame, rF++}
     0 | D        | Fang the Gargoyle Berserker began the quest for the Orb.
     0 | D        | Reached XP level 1. HP: 14/14 MP: 1/1
     1 | D        | Found a blossoming altar of Fedhas.
     3 | D        | Found a viscous altar of Jiyva.
     3 | D        | Found a hazy altar of Hepliaklqana.
     3 | D        | Found a transporter.
     3 | D        | Found an opulent altar of Gozag.
     3 | D        | Found an ancient bone altar of Kikubaaqudgha.
     3 | D        | Found a corrupted altar of Lugonu.
    22 | D        | Found a burning altar of Makhleb.
    23 | D        | Found a sacrificial altar of Ru.
    23 | D        | Found a stormy altar of Qazlal.
    23 | D        | Found a deep blue altar of Sif Muna.
    23 | D        | Found an iron altar of Okawaru.
    23 | D        | Found a bloodstained altar of Trog.
    23 | D        | Found a sparkling altar of Nemelex Xobeh.
    97 | D        | Found the +9 heavy crossbow "Sniper" {velocity, Acc+∞ SInv}
    97 | D        | Found the +10 dark maul {crush}
    97 | D        | Found the +15 Maxwell's patent armour {-Cast -Tele rElec
                  | MR+ rCorr}
    97 | D        | Found the +18 shield of the Gong {rElec rN+ MR+ EV-5}
    97 | D        | Found the cursed +14 obsidian axe {chop, +Fly SInv *Curse}
    98 | D        | Found the +6 shillelagh "Devastator" {shatter}
    98 | D        | Found the +11 plutonium sword {*Contam Stlth-}
    98 | D        | Found the +8 lance "Wyrmbane" {slay drac, rPois rF+ rC+
                  | AC+3}
    98 | D        | Found the +9 sword of Zonguldrok {reap}
    98 | D        | Found the cursed +13 scythe of Curses {drain, *Curse}
    98 | D        | Found the +0 sword of Power
    98 | D        | Found the +7 mace of Variability {chain chaos}
    98 | D        | Found the +7 Singing Sword
    98 | D        | Found the +7 longbow "Piercer" {penet, EV-2}
   108 | D        | Entered arena 2.
   108 | D        | Noticed an iguana
   108 | D        | Noticed an iguana
   108 | D        | Found a transporter.
   112 | D        | Killed an iguana
   112 | D        | Reached skill level 4 in Axes
   112 | D        | Reached XP level 2. HP: 20/20 MP: 2/2
   112 | D        | Reached XP level 3. HP: 25/25 MP: 3/3
   112 | D        | Reached skill level 5 in Fighting
   112 | D        | Reached skill level 5 in Axes
   150 | D        | Entered arena 3.
   150 | D        | Noticed a phantom
   150 | D        | Found a transporter.
   154 | D        | Reached ** piety under Trog
   162 | D        | Killed a phantom
   162 | D        | Reached skill level 6 in Axes
   162 | D        | Reached XP level 4. HP: 34/34 MP: 4/4
   162 | D        | Reached XP level 5. HP: 38/38 MP: 5/5
   194 | D        | Got the +3 chain mail "Xohioseato" {MR+ Str+2 Stlth+}
   216 | D        | Entered arena 4.
   216 | D        | Noticed a wolf
   216 | D        | Noticed a spriggan
   216 | D        | Noticed a wolf
   216 | D        | Noticed a black bear
   216 | D        | Found a transporter.
   220 | D        | Killed a wolf
   220 | D        | Reached skill level 8 in Axes
   220 | D        | Reached skill level 5 in Armour
   220 | D        | Reached XP level 6. HP: 44/44 MP: 6/6
   220 | D        | Killed a black bear
   220 | D        | Reached *** piety under Trog
   228 | D        | Reached skill level 9 in Axes
   237 | D        | Killed a spriggan
   237 | D        | Reached skill level 10 in Axes
   237 | D        | Reached XP level 7. HP: 15/51 MP: 7/7
   450 | D        | Entered arena 5.
   450 | D        | Noticed a mummy priest
   450 | D        | Found a transporter.
   455 | D        | Noticed a phantasmal warrior
   456 | D        | Reached **** piety under Trog
   458 | D        | Killed a mummy priest
   458 | D        | Reached skill level 10 in Fighting
   458 | D        | Reached skill level 12 in Axes
   458 | D        | Reached XP level 8. HP: 57/57 MP: 8/8
   466 | D        | Reached skill level 13 in Axes
   466 | D        | Reached XP level 9. HP: 55/63 MP: 9/9
   502 | D        | Entered arena 6.
   502 | D        | Found a transporter.
   514 | D        | Reached ***** piety under Trog
   621 | D        | Got the +6 chain mail of Pan-Flutes {+Inv rF+}
   737 | D        | Entered arena 7.
   737 | D        | Noticed a great orb of eyes
   737 | D        | Noticed an orc knight
   737 | D        | Noticed a yaktaur
   737 | D        | Noticed a deep elf mage
   737 | D        | Noticed a stone giant
   738 | D        | Found a transporter.
   738 | D        | Paralysed by a great orb of eyes for 7 turns
   748 | D        | Killed a yaktaur
   748 | D        | Reached skill level 14 in Axes
   748 | D        | Reached skill level 5 in Stealth
   748 | D        | Reached XP level 10. HP: 47/70 MP: 10/10
   748 | D        | HP: 4/105 [disintegration (28)]
   749 | D        | Killed a great orb of eyes
   749 | D        | Received a gift from Trog
   749 | D        | Slain by an orc knight

Vault maps used:
D:        sprint_v

Skill      XL: |  1  2  3  4  5  6  7  8  9 |
---------------+----------------------------+-----
Fighting       | 4 7 9 10 11 | 11.7
Axes           | 4 6 8 10 12 13 14 | 14.9
Armour         | 3 4 5 6 8 9 |  9.7
Dodging        | 2 3 4 |  4.5
Stealth        | 4 5 |  5.1

Action                   |  1- 3 |  4- 6 |  7- 9 | 10-12 || total
-------------------------+-------+-------+-------+-------++-------
Melee: Executioner's axe |    10 |    19 |    18 |     1 ||    48
Invok: Berserk           |     2 |     1 |     2 |       ||     5
  Use: Potion            |       |       |     1 |       ||     1
  Eat: Chunk             |       |       |     1 |       ||     1
       Ration            |       |       |     1 |       ||     1
Armor: Shadow dragon sca |     9 |       |       |       ||     9
       Chain mail        |       |    23 |    12 |       ||    35
Dodge: Dodged            |     6 |    23 |    16 |     2 ||    47

Table legend:
 A = Non-vault XP
 B = Vault XP
 C = Vault XP percentage of total XP
 D = Non-vault monster count
 E = Vault monster count
 F = Vault count percentage of total count
                 A         B        C        D         E       F
            +---------+---------+-------+---------+---------+-------
      Total |       0 |    3837 | 100.0 |       0 |      20 | 100.0
            +---------+---------+-------+---------+---------+-------
          D |       0 |    3837 | 100.0 |       0 |      20 | 100.0
            +---------+---------+-------+---------+---------+-------
